 Dungeon Crawl Stone Soup version 0.16.0-12-g7215832 (webtiles) character file.

95 kae the Firebug (level 4, -3/24 HPs)
             Began as a Tengu Fire Elementalist on Mar 18, 2015.
             Slain by Crazy Yiuf
             ... wielding a +3 quarterstaff of chaos
              (12 damage)
             ... while paralysed by Crazy Yiuf
             ... on level 2 of the Dungeon.
             The game lasted 00:03:03 (1884 turns).

kae the Firebug (Tengu Fire Elementalist)           Turns: 1884, Time: 00:03:03

Health: -3/24      AC:  7    Str:  9    XL:     4   Next: 66%
Magic:  9/9        EV:  2    Int: 21    God:
Gold:   152        SH:  0    Dex: 14    Spells: 3 memorised, 2 levels left

rFire  . . .     SeeInvis .     j - +1 dagger (protect)
rCold  . . .     Clarity  .     a - +0 robe
rNeg   . . .     SustAb   .     (no shield)
rPois  .         Gourm    .     (helmet restricted)
rElec  .         Spirit   .     (no cloak)
rCorr  .         Warding  .     (no gloves)
rMut   +         Stasis   .     (boots unavailable)
MR     .....                    d - amulet of resist mutation
Stlth  ++........               (no ring)
                                o - +5 ring of intelligence

@: paralysed, lethally poisoned (-3 -> -11), very slightly contaminated, slowed,
invisible, not resistant to hostile enchantments, unstealthy
A: beak, talons 3
a: no special abilities


You were on level 2 of the Dungeon.
You were not hungry.

You visited 1 branch of the dungeon, and saw 2 of its levels.

You collected 152 gold pieces.

Inventory:

Hand weapons
 g - a +0 whip
 j - a +1 dagger of protection (weapon)
Armour
 a - a +0 robe (worn)
Jewellery
 d - an amulet of resist mutation (around neck)
 o - a +5 ring of intelligence (left hand)
Scrolls
 h - a scroll of teleportation
 n - a scroll of identify
Potions
 e - a potion of invisibility
 l - a potion of might {unknown}
 m - a potion of restore abilities {unknown}
 q - a potion of resistance {unknown}
 s - a potion of heal wounds {unknown}
Books
 b - a book of Flames

   Spells                             Type                      Level
   a - Flame Tongue                   Conjuration/Fire             1
   b - Throw Flame                    Conjuration/Fire             2
   c - Conjure Flame                  Conjuration/Fire             3
   d - Inner Flame                    Hexes/Fire                   3
   e - Sticky Flame                   Conjuration/Fire             4
   f - Fireball                       Conjuration/Fire             5
Comestibles
 c - 2 bread rations
 k - a meat ration


   Skills:
 - Level 2.1 Dodging
 - Level 2.0 Stealth
 + Level 2.7 Spellcasting
 * Level 3.6 Conjurations
 * Level 4.3 Fire Magic


You had 2 spell levels left.
You knew the following spells:

 Your Spells              Type           Power        Failure   Level  Hunger
a - Flame Tongue          Conj/Fire      ###..        2%          1    None
b - Throw Flame           Conj/Fire      ###...       4%          2    ##.....
c - Conjure Flame         Conj/Fire      ###.....     10%         3    ###....


Dungeon Overview and Level Annotations

Branches:
Dungeon (2/15)

Altars:
Yredelemnul

Annotations:
D:2 Crazy Yiuf


Innate Abilities, Weirdness & Mutations

You have a beak for a mouth.
You have claws for feet.


Message History

Crazy Yiuf grits, "Lay turtle agre!"
Crazy Yiuf misses you.
You hit Crazy Yiuf. You peck Crazy Yiuf.
Crazy Yiuf is lightly wounded.
Crazy Yiuf misses you.
You barely miss Crazy Yiuf. Your peck misses Crazy Yiuf.
Crazy Yiuf is lightly wounded.
Crazy Yiuf hits you but does no damage.
You feel yourself slow down.
You catch the helpless Crazy Yiuf completely off-guard!
You hit Crazy Yiuf! Your kick misses Crazy Yiuf.
Crazy Yiuf is severely wounded.
Crazy Yiuf hits you with a quarterstaff of chaos.
You suddenly lose the ability to move!
Crazy Yiuf hits you with a quarterstaff of chaos!
Crazy Yiuf hits you with a quarterstaff of chaos.
You are poisoned.
You feel sick.
Crazy Yiuf hits you with a quarterstaff of chaos!
Ouch! That really hurt!
You die...

###.#######.# #.##.# #.#
#.#####.##.# #.#
#>......##.# #.#
#######.##.# ### #.##.#
#.##.# ###♣♣♣♣♣ #.##.#
##....♣g♣♣♣ #.##.#
##.....@♣..♣ #.....
#......♣♣♣♣.....# #.##.#
#.....♣♣ #..)# #.##.#
#.###♣♣ ### #..... #.#
#.#... #.# #[..#.
#.###################...
#.................#####.
###########.###.#.......


You could see Crazy Yiuf.

Vanquished Creatures
  Ijyb (D:2)
  An adder (D:2)
  A giant mite (D:2)
  A worm (D:2)
  2 giant geckos (D:1)
  5 bats
  2 giant cockroaches (D:2)
  8 hobgoblins
  2 jackals (D:1)
  12 giant newts
  4 goblins (D:1)
  14 kobolds
  6 rats
59 creatures vanquished.

Notes
Turn   | Place    | Note
--------------------------------------------------------------
     0 | D:1      | kae, the Tengu Fire Elementalist, began the quest for the Orb.
     0 | D:1      | Reached XP level 1. HP: 10/10 MP: 3/3
     2 | D:1      | Noticed a merfolk
     2 | D:1      | Noticed a draconian
     4 | D:1      | Noticed a felid
     6 | D:1      | Noticed a vampire
     6 | D:1      | Noticed a human
     8 | D:1      | Noticed a dwarf
     8 | D:1      | Noticed an elf
    10 | D:1      | Noticed a spriggan
    10 | D:1      | Noticed a demigod
    14 | D:1      | Noticed a troll
    16 | D:1      | Noticed a centaur
    16 | D:1      | Noticed a minotaur
    18 | D:1      | Noticed a naga
    18 | D:1      | Noticed a ghoul
    20 | D:1      | Noticed a gargoyle
    20 | D:1      | Noticed an octopode
    22 | D:1      | Noticed a formicid
    22 | D:1      | Noticed a tengu
    24 | D:1      | Noticed a vine stalker
    24 | D:1      | Noticed a demonspawn
    26 | D:1      | Noticed an ogre
   153 | D:1      | Reached XP level 2. HP: 10/15 MP: 0/5
   585 | D:1      | Reached XP level 3. HP: 17/19 MP: 5/7
  1011 | D:2      | Reached skill level 4 in Fire Magic
  1200 | D:2      | Noticed Ijyb
  1208 | D:2      | Killed Ijyb
  1208 | D:2      | Reached XP level 4. HP: 18/24 MP: 2/9
  1561 | D:2      | Noticed Crazy Yiuf
  1566 | D:2      | Learned a level 2 spell: Throw Flame
  1570 | D:2      | Learned a level 3 spell: Conjure Flame
  1670 | D:2      | Found a basalt altar of Yredelemnul.
  1881 | D:2      | Paralysed by Crazy Yiuf for 5 turns
  1884 | D:2      | Slain by Crazy Yiuf

Action                   |  1- 3 |  4- 6 || total
-------------------------+-------+-------++-------
Melee: Unarmed           |    13 |       ||    13
       Whip              |     7 |       ||     7
       Dagger            |    38 |    34 ||    72
 Cast: Flame Tongue      |    42 |     6 ||    48
  Use: Scroll            |       |     6 ||     6
       Potion            |       |     1 ||     1
 Stab: Sleeping          |     4 |     1 ||     5
       Invisible         |       |     1 ||     1
  Eat: Chunk             |     2 |       ||     2
       Meat ration       |       |     1 ||     1
